 Dungeon Crawl Stone Soup version 0.22-a0-515-g75794bf (webtiles) character file.

31 stealthycow the Skirmisher (level 3, 18/20 HPs)
             Began as a Vine Stalker Fighter on June 19, 2018.
             Quit the game on level 1 of the Dungeon.
             The game lasted 00:02:35 (605 turns).

stealthycow the Skirmisher (Vine Stalker Fighter)    Turns: 605, Time: 00:02:36

Health: 18/20      AC:  6    Str: 19    XL:     3   Next: 22%
Magic:  4/4        EV:  7    Int:  8    God:
Gold:   0          SH:  9    Dex: 13    Spells: 2/2 levels left

rFire    . . .     SeeInvis .   a - +0 war axe
rCold    . . .     Gourm    .   c - +0 shield
rNeg     . . .     Faith    .   b - +0 scale mail
rPois    .         Spirit   +   (no helmet)
rElec    .         Reflect  .   (no cloak)
rCorr    .         Harm     .   (no gloves)
MR       .....                  (no boots)
Stlth    ..........             (no amulet)
HPRegen  0.06/turn              (no ring)
MPRegen  0.09/turn              (no ring)

@: no status effects
A: fangs 2, magic shield, antimagic bite, no potion heal 3, rot immunity
a: no special abilities


You were on level 1 of the Dungeon.
You were not hungry.

You visited 1 branch of the dungeon, and saw 1 of its levels.

Inventory:

Hand Weapons
 a - a +0 war axe (weapon)
Armour
 b - a +0 scale mail (worn)
 c - a +0 shield (worn)
Jewellery
 e - a +2 ring of dexterity {unknown}
Scrolls
 i - a scroll of enchant armour {unknown}
 l - a scroll of immolation {unknown}
Potions
 d - a potion of might
 h - a potion of agility {unknown}
 j - a potion of curing {unknown}
 k - a potion of heal wounds {unknown}
 m - a potion of mutation {unknown}
Comestibles
 f - 3 rations
 g - 2 chunks of flesh


   Skills:
 + Level 3.0 Fighting
 * Level 2.4 Axes
 + Level 2.6 Armour
 + Level 2.9 Shields


You had 2 spell levels left.
You didn't know any spells.
Your spell library was empty.

Dungeon Overview and Level Annotations

Branches:
Dungeon (1/15)

Altars:


Innate Abilities, Weirdness & Mutations

You have extremely sharp teeth.
When hurt, damage is shared between your health and your magic reserves.
Your bite disrupts and absorbs the magic of your enemies.
Potions cannot restore your health.
You are immune to rotting.


Message History

No target in view!
The bat is too close now for your liking.
A bat is nearby!
The bat hits you.
You hit the bat. Your bite misses the bat.
The bat is moderately wounded.
The bat barely misses you. You block the bat's attack.
The bat closely misses you.
You closely miss the bat.
The bat is moderately wounded.
The bat barely misses you.
You barely miss the bat. Your bite misses the bat.
The bat is moderately wounded.
The bat hits you. You block the bat's attack.
You slash the bat!
You kill the bat!
No target in view!
Your library has no spells.
Are you sure you want to abandon this character and quit the game? (Confirm with "yes".)

#.# #.# ### #.# #.####
##.###.# #.##.##
##...##.######.#...####
......................+
##......######.#...####
##.....######.##.#####
#.......##...........#
##>....###.##.#@####.#
# ##...## # #.#.# #
##.## #.#.# # #.# #....
# #.# ###.# #####.# #.#
......# #.# ####### ...
#


There were no monsters in sight!

Vanquished Creatures
  3 dart slugs (D:1)
  4 giant cockroaches (D:1)
  2 goblins (D:1)
  2 hobgoblins (D:1)
  2 jackals (D:1)
  5 bats (D:1)
  3 frilled lizards (D:1)
  4 rats (D:1)
25 creatures vanquished.

Notes
Turn   | Place    | Note
-------+----------+-------------------------------------------
     0 | D:1      | stealthycow the Vine Stalker Fighter began the quest for the Orb.
     0 | D:1      | Reached XP level 1. HP: 11/11 MP: 2/2
    78 | D:1      | Reached XP level 2. HP: 14/16 MP: 1/3
   396 | D:1      | Reached XP level 3. HP: 19/19 MP: 4/4
   549 | D:1      | Reached skill level 3 in Fighting
   605 | D:1      | Quit the game

Vault maps used:
D:1:      sevenhm_arrival_forest_fort_small_4

Skill      XL: |  1  2  3 |
---------------+----------+-----
Axes           | 2 |  2.4
Fighting       | 3 |  3.0
Armour         | |  2.6
Shields        | |  2.9

Action                   || total
-------------------------++-------
Melee: War axe           ||    71
       Bite              ||    13
Armor: Scale mail        ||    38
Dodge: Dodged            ||    28
Block: Shield            ||    36

Table legend:
 A = Spawn XP
 B = Non-spawn XP
 C = Spawn XP percentage of total XP
 D = Spawn monster count
 E = Non-spawn monster count
 F = Spawn count percentage of total count
 G = Total turns spent on level
                    A         B        C        D         E        F      G
               +---------+---------+-------+---------+---------+-------+---------
         Total |       0 |      45 |   0.0 |       0 |      25 |   0.0 |   605
               +---------+---------+-------+---------+---------+-------+---------
           D:1 |       0 |      45 |   0.0 |       0 |      25 |   0.0 |   605
               +---------+---------+-------+---------+---------+-------+---------
